 Dungeon Crawl Stone Soup version 0.29.1-14-g9c671dbff4 (webtiles) character file.

Game seed: 13609048739114721829

7 hawla the Firebug (level 2, -6/20 HPs)
             Began as a Meteoran Fire Elementalist on Feb 18, 2023.
             Mangled by Robin
             ... wielding a +0 trident
              (8 damage)
             ... on level 2 of the Dungeon.
             The game lasted 00:00:46 (137 turns).

hawla the Firebug (Meteoran Fire Elementalist)       Turns: 137, Time: 00:00:47

Health: -6/20      AC:  2    Str:  9    XL:     2   Next: 17%
Magic:  6/6        EV: 12    Int: 16    God:
Gold:   50         SH:  0    Dex: 14    Spells: 5/6 levels left

rFire   . . .      SeeInvis .   (no weapon)
rCold   . . .      Faith    .   (no shield)
rNeg    . . .      Spirit   .   a - +0 robe
rPois   .          Reflect  .   (no helmet)
rElec   .          Harm     .   (no cloak)
rCorr   .          Rampage  .   (no gloves)
Will    .....                   (no boots)
Stlth   +.........              (no amulet)
HPRegen 0.06/turn               (no ring)
MPRegen 0.10/turn               (no ring)

@: glowing
A: sense surroundings 1, otherworldly, glowing, explore regen
a: no special abilities


You were on level 2 of the Dungeon.
You visited 1 branch of the dungeon, and saw 2 of its levels.

You collected 50 gold pieces.

Inventory:

Armour
 a - a +0 robe (worn)
Scrolls
 c - a scroll of amnesia {unknown}
 e - a scroll of vulnerability {unknown}
Potions
 b - a potion of magic
 d - a potion of invisibility {unknown}


   Skills:
 + Level 2.4 Dodging
 - Level 1.4 Stealth
 + Level 2.9 Spellcasting
 + Level 1.3 Conjurations
 + Level 4.0 Fire Magic


You had 5 spell levels left.
You knew the following spells:

 Your Spells              Type           Power      Damage    Failure   Level
a - Foxfire               Conj/Fire      44%        2x1d6     6%          1

Your spell library contained the following spells:

 Spells                   Type           Power      Damage    Failure   Level
 Scorch                   Fire           30%        2d6       5%          2
 Conjure Flame            Conj/Fire      11%        6-21      19%         3
 Inner Flame              Hex/Fire       8%         N/A       26%         3
 Flame Wave               Conj/Fire      11%        2d6       52%         4


Dungeon Overview and Level Annotations

Branches:
Dungeon (2/15) Zot: 1062

Altars:

Shops:
D:1 *

Annotations:
D:2 Robin


Innate Abilities, Weirdness & Mutations

You passively map a small area around you.
You are easily found by Zot.
You glow in the dark.
You regain HP and MP as you explore.


Message History

You open the door.
There is an open door here.
e - a scroll labelled JOIKIU PYAZI
There is an open door here.
There is a stone staircase leading down here.
You open the door.
Robin, 2 hobgoblins and 7 goblins come into view.
The goblin shouts! x3; The hobgoblin shouts!
The goblin shouts! x2
The goblin moves out of view.
A goblin comes into view. It is wielding a +0 dagger.
The goblin shouts!
The hobgoblin shouts!
The goblin shouts!
A giant cockroach comes into view.
The goblin hits you with a +0 club.
There is an open door here.
You closely miss the goblin. The goblin hits you but does no damage.
The goblin closely misses you. The goblin attacks as you move away!
The goblin hits you with a +0 club. The goblin attacks as you move away!
The goblin hits you with a +0 club.
Robin roars a battlecry!
The goblins go into a battle-frenzy!
Robin throws the goblin at you!
You hit the goblin but do no damage. The goblin barely misses you.
The goblin closely misses you.
You hit the goblin.
The goblin is moderately wounded.
The goblin hits you with a +0 club. x2
You closely miss the goblin.
The goblin is moderately wounded.
The goblin barely misses you. The goblin misses you.
You closely miss the goblin.
The goblin is moderately wounded.
The goblin hits you with a +0 club.
* * * LOW HITPOINT WARNING * * *
The goblin closely misses you.
Unknown command.
You hit the goblin but do no damage.
The goblin is moderately wounded.
The goblin closely misses you. The goblin completely misses you.
Robin hits you from afar with a +0 trident!
You die...

, +..##..##.# *
* ,
#.....##..., ,
,,*#..........#
* ,
#..........#
#>#........# *
, #.#........#
,,
*#.#........# *
#g###+######
#@# , * #g# *
,, * #g# * #g#
, * ** *#g#*
*,,, ,
#.....ggg# *
#.....gBg# *
#...g....# ,
#........# ,


You could see Robin, a giant cockroach, a hobgoblin (strong) and 8 goblins.

Vanquished Creatures
  3 bats (D:1)
  An endoplasm (D:1)
  A goblin (D:1)
  A quokka (D:1)
6 creatures vanquished.

Vanquished Creatures (others)
  14 foxfires (D:1)
14 creatures vanquished.

Grand Total: 20 creatures vanquished

Notes
Turn   | Place    | Note
-------+----------+-------------------------------------------
     0 | D:1      | hawla the Meteoran Fire Elementalist began the quest for
                  | the Orb.
     0 | D:1      | Reached XP level 1. HP: 14/14 MP: 5/5
    39 | D:1      | Found Xonaydeh's General Store.
    74 | D:1      | Reached XP level 2. HP: 20/20 MP: 2/6
    88 | D:1      | Reached skill level 4 in Fire Magic
   126 | D:2      | Noticed Robin
   137 | D:2      | Mangled by Robin

Illustrated notes

Levels and vault maps discovered:
D:1:      lemuel_arrival_rhombus, layout_basic, serial_shops, shop,
          nicolae_ecumenical_snake_handling, minmay_misc_feat_tower,
          nicolae_shop_vocational
D:2:      layout_basic, hangedman_glass_teeth, grunt_decor_cap, uniq_robin

Skill      XL: |  1  2 |
---------------+-------+-----
Fire Magic     | 4 |  4.0
Dodging        | |  2.4
Stealth        | |  1.4
Spellcasting   | |  2.9
Conjurations   | |  1.3

Action                   || total
-------------------------++-------
Melee: Unarmed           ||     8
 Cast: Foxfire           ||     8
Armor: Robe              ||     3
Dodge: Dodged            ||     9
